 Dungeon Crawl Stone Soup version 0.27-a0-1529-g1e82c303ef (webtiles) character file.

Game seed: 8105366549903878096

30 Swapper the Chopper (level 3, 33/33 HPs)
             Began as a Minotaur Berserker on July 12, 2021.
             Was a Follower of Trog.
             Quit the game on level 1 of the Dungeon.
             The game lasted 00:28:40 (872 turns).

Swapper the Chopper (Minotaur Berserker)             Turns: 872, Time: 00:28:40

Health: 33/33      AC:  5    Str: 22    XL:     3   Next: 5%
Magic:  2/2        EV:  8    Int:  4    God:    Trog [*.....]
Gold:   27         SH:  7    Dex:  9    Spells: 2/2 levels left

rFire    . . .     SeeInvis .   a - +0 hand axe
rCold    . . .     Faith    .   c - +0 kite shield
rNeg     . . .     Spirit   .   d - +0 ring mail
rPois    .         Reflect  .   (helmet restricted)
rElec    .         Harm     .   (no cloak)
rCorr    .         Rampage  .   (no gloves)
Will     +....                  (no boots)
Stlth    ..........             (no amulet)
HPRegen  0.11/turn              f - ring of willpower
MPRegen  0.08/turn              h - ring of flight

@: flying
A: horns 2, retaliatory headbutt
a: Renounce Religion, Berserk


You were on level 1 of the Dungeon.
You worshipped Trog.
Trog was aware of your devotion.
You visited 1 branch of the dungeon, and saw 1 of its levels.

You collected 27 gold pieces.

Inventory:

Hand Weapons
 a - a +0 hand axe (weapon)
Missiles
 g - 19 stones (quivered)
Armour
 c - a +0 kite shield (worn)
 d - a +0 ring mail (worn)
Jewellery
 f - a ring of willpower (left hand)
 h - a ring of flight (right hand)
Potions
 e - a potion of resistance {unknown}


   Skills:
 + Level 4.0 Fighting
 * Level 4.3 Axes
 + Level 2.9 Armour
 + Level 2.6 Dodging


You had 2 spell levels left.
You didn't know any spells.
Your spell library contained the following spells:

 Spells                   Type           Power      Damage    Failure   Level
 Conjure Flame            Conj/Fire      0%         6-21      100%        3
 Ignite Poison            Fire/Tmut/Pois 0%         N/A       100%        3
 Sticky Flame             Conj/Fire      0%         2d3       100%        4


Dungeon Overview and Level Annotations

Branches:
Dungeon (1/15)

Altars:

Shops:
D:1 (


Innate Abilities, Weirdness & Mutations

You have a pair of horns on your head.
You reflexively headbutt those who attack you in melee.


Message History

Found an Everburning Encyclopedia.
You see here an Everburning Encyclopedia.
You pick up an Everburning Encyclopedia and begin reading...
You add the spells Conjure Flame, Ignite Poison and Sticky Flame to your library.
Found a stone staircase leading down.
Press: ? - help, v - describe, . - travel The floor.
Press: ? - help, . - travel You can't see that place.
As you open the door, it creaks loudly!
There is an open door here.
Press: ? - help, v - describe, . - travel A tree.
There is an open door here.
You start putting on your armour.
You continue putting on your +0 kite shield. x4
You finish putting on your +0 kite shield.
You drop a +0 animal skin.
You now have 27 gold pieces (gained 9).
There is an escape hatch in the floor here.
Done exploring.
There is an escape hatch in the floor here.
There is an escape hatch in the floor here.
There are no items here.
There is an escape hatch in the floor here.
Describe a (M)onster, (S)pell, s(K)ill, (A)bility, (C)ard, (I)tem, (F)eature, (G)od, (B)ranch, c(L)oud or s(T)atus?
Describe a monster; partial names and regexps are fine.
Enter a single letter to list monsters displayed by that symbol.
Describe what? dart slug Describe a (M)onster, (S)pell, s(K)ill, (A)bility, (C)ard, (I)tem, (F)eature, (G)od, (B)ranch, c(L)oud or s(T)atus?
Okay, then.
Unknown command.
Okay, then.
No target in view!
Describe a (M)onster, (S)pell, s(K)ill, (A)bility, (C)ard, (I)tem, (F)eature, (G)od, (B)ranch, c(L)oud or s(T)atus?
Describe a ability; partial names and regexps are fine.
Describe what?
Trog's Hand Describe a (M)onster, (S)pell, s(K)ill, (A)bility, (C)ard, (I)tem, (F)eature, (G)od, (B)ranch, c(L)oud or s(T)atus?
Okay, then.
Search for what [? for help]? .
Unknown command.
Unknown command.
Are you sure you want to abandon this character and quit the game? (Confirm with "yes".)

#.......^...>.# #.......
..............# ##.......
..#.#.........# #........
..#.#.#.####### #....#...
..#.#.#.##### #....#.#.
......#.....# #....#.#.
......#####.# #....#...
##..........######## #....####
.....#########≈≈@≈≈# ###......
.....# #≈≈≈≈≈# #.##### .....####
###≈≈≈≈≈########.##### ........#
#...≈≈≈...#...........
..#.....####.8.....8.#...........
................<....#...........
##......###.....8..............(.
#......# ##.....................
#......# ##.......##...........


There were no monsters in sight!

Vanquished Creatures
  2 dart slugs (D:1)
  3 bats (D:1)
  3 endoplasms (D:1)
  2 goblins (D:1)
  3 hobgoblins (D:1)
  3 jackals (D:1)
  A kobold (D:1)
  A ball python (D:1)
  3 frilled lizards (D:1)
  3 rats (D:1)
24 creatures vanquished.

Notes
Turn   | Place    | Note
-------+----------+-------------------------------------------
     0 | D:1      | Swapper the Minotaur Berserker began the quest for the Orb.
     0 | D:1      | Reached XP level 1. HP: 19/19 MP: 0/0
    65 | D:1      | Reached XP level 2. HP: 27/27 MP: 1/1
   565 | D:1      | Found Oklaapnyoho's Antique Weapon Emporium.
   651 | D:1      | Reached XP level 3. HP: 29/33 MP: 2/2
   872 | D:1      | Quit the game

Illustrated notes

Levels and vault maps discovered:
D:1:      grunt_arrival_lava_bath, layout_basic, serial_shops, shop,
          chequers_arboretum, amethyst_killhole

Skill      XL: |  1  2 |
---------------+-------+-----
Axes           | 4 |  4.3
Fighting       | 4 |  4.0
Armour         | |  2.9
Dodging        | |  2.6

Action                   || total
-------------------------++-------
Melee: Hand axe          ||    35
       Headbutt          ||     9
Armor: Ring mail         ||     6
Dodge: Dodged            ||    16

Table legend: (Time is in decaauts)
 A = Elapsed time spent in this place.
 B = Non-inter-level travel time spent in this place.
 C = Inter-level travel time spent in this place.
 D = Time resting spent in this place.
 E = Time spent auto-exploring this place.
 F = Levels seen in this place.
 G = Mean time per level.
                   A        B        C        D        E       F      G
               +--------+--------+--------+--------+--------+-----+--------+
         Total |    874 |    874 |      0 |     34 |    336 |   1 |  874.0 |
       Dungeon |    874 |    874 |      0 |     34 |    336 |   1 |  874.0 |
               +--------+--------+--------+--------+--------+-----+--------+

Top non-repeatable levels by time:
     D:1: 874 daAuts
